 Dungeon Crawl Stone Soup version 0.28-a0-834-g1a73be5ee4 (webtiles) character file.

Game seed: 4541819864606306076

606 funkygono the Firebug (level 7, -1/37 HPs)
             Began as a Gargoyle Fire Elementalist on Nov 11, 2021.
             Shot with an arrow by a centaur (10 damage)
             ... on level 5 of the Dungeon.
             The game lasted 00:10:05 (5327 turns).

funkygono the Firebug (Gargoyle Fire Elementalist)  Turns: 5327, Time: 00:10:06

Health: -1/37      AC: 14    Str: 12    XL:     7   Next: 42%
Magic:  3/13       EV: 12    Int: 17    God:
Gold:   245        SH:  0    Dex: 14    Spells: 4/14 levels left

rFire   + + .      SeeInvis .   w - +6 flail of the Eggplant {speed, rPois Dex+4}
rCold   . . .      Faith    .   (no shield)
rNeg    + . .      Spirit   .   u - +0 leather armour {rF+}
rPois   ∞          Reflect  .   (no helmet)
rElec   +          Harm     .   (no cloak)
rCorr   .          Rampage  .   l - +2 pair of gloves
Will    .....                   (no boots)
Stlth   ++........              (no amulet)
HPRegen 0.12/turn               c - +4 ring of protection
MPRegen 0.13/turn               d - ring of protection from fire

@: no status effects
A: sickness immunity, AC +4, negative energy resistance 1, electricity
resistance, torment resistance 1, petrification resistance
a: no special abilities


You were on level 5 of the Dungeon.
You visited 1 branch of the dungeon, and saw 5 of its levels.

You collected 295 gold pieces.
You spent 50 gold pieces at shops.

Inventory:

Hand Weapons
 e - a +1 whip
 r - a +1 quarterstaff of draining
 w - the +6 flail of the Eggplant (weapon) {speed, rPois Dex+4}
   (You found it on level 4 of the Dungeon)

   Attacks with this weapon are significantly faster.
   Dex:       It affects your dexterity (+4).
   rPois:     It protects you from poison.
Missiles
 f - 122 stones
Armour
 a - a +0 robe
 l - a +2 pair of gloves (worn)
 u - a +0 leather armour of fire resistance (worn)
Jewellery
 c - a +4 ring of protection (left hand)
 d - a ring of protection from fire (right hand)
Wands
 i - a wand of iceblast (9)
 m - a wand of paralysis (12)
Scrolls
 b - 3 scrolls of identify
 h - a scroll of enchant armour
Potions
 j - a potion of heal wounds
 k - a potion of flight
 o - a potion of cancellation
 p - a potion of mutation
 v - a potion of invisibility


   Skills:
 + Level 0.5 Fighting
 + Level 1.2 Maces & Flails
 + Level 0.2 Armour
 + Level 2.3 Dodging
 - Level 2.1 Stealth
 * Level 4.3 Spellcasting
 * Level 3.6 Conjurations
 * Level 5.5 Fire Magic


You had 4 spell levels left.
You knew the following spells:

 Your Spells              Type           Power      Damage    Failure   Level
a - Foxfire               Conj/Fire      76%        2x1d7     3%          1
b - Scorch                Fire           44%        2d7       3%          2
c - Conjure Flame         Conj/Fire      19%        6-21      9%          3
d - Flame Wave            Conj/Fire      19%        3d5       28%         4

Your spell library contained the following spells:

 Spells                   Type           Power      Damage    Failure   Level
 Inner Flame              Hex/Fire       13%        N/A       19%         3
 Gell's Gravitas          Tloc           3%         N/A       50%         3
 Lesser Beckoning         Tloc           3%         N/A       50%         3
 Teleport Other           Tloc           3%         N/A       50%         3


Dungeon Overview and Level Annotations

Branches:
Dungeon (5/15)
 Temple: D:4-7

Altars:

Shops:
D:2 !

Annotations:
D:5 Sigmund


Innate Abilities, Weirdness & Mutations

You are immune to sickness and miasma.
Your stone body is resilient. (AC +4)
You are immune to poison.
You resist negative energy. (rN+)
You are resistant to electric shocks. (rElec)
You are resistant to unholy torment.
You are immune to petrification.


Message History

The centaur kicks you but does no damage.
The foxfire hits the kobold demonologist.
The kobold demonologist is moderately wounded.
Casting: Foxfire (safe; 3% risk of failure)
Confirm with . or Enter, or press ? or * to list all spells.
You conjure some foxfire!
The centaur hits you.
The centaur kicks you but does no damage.
An orc comes into view. It is wielding a +0 hand axe.
Unknown command.
As you read the scroll of fog, it crumbles to dust.
The scroll dissolves into smoke.
The foxfire hits the kobold demonologist.
The kobold demonologist is heavily wounded.
The foxfire hits the kobold demonologist but does no damage.
The kobold demonologist is heavily wounded.
The ufetubus closely misses you. The ufetubus barely misses you.
The centaur hits you but does no damage.
The centaur kicks you but does no damage.
The kobold demonologist gestures wildly while chanting.
The ufetubus hits you but does no damage.
The ufetubus barely misses you.
The centaur hits you but does no damage.
The centaur kicks you but does no damage.
The kobold demonologist gestures wildly while chanting.
The centaur wields a +0 shortbow.
The centaur shoots an arrow.
The arrow hits you. The rust devil closely misses you.
The ufetubus hits you but does no damage.
The ufetubus hits you.
You hear the rapid hiss of an avalanche of sand.
The ufetubus hits you but does no damage. x2
The ufetubus hits you. The ufetubus closely misses you.
The centaur shoots an arrow.
The arrow hits you. The ufetubus barely misses you. x2
The centaur shoots an arrow.
The arrow hits you but does no damage.
The kobold demonologist looks encouraged for a moment.
The centaur shoots an arrow.
The arrow hits you!
The centaur shoots an arrow.
The arrow hits you.
* * * LOW HITPOINT WARNING * * *
The centaur shoots an arrow.
The arrow hits you!
You die...

#....................##...##
#...................#.....#
#........................#
#......)...........# ...##
##§.K..............###...#
##§§§..c5............##..#
##§{§..54.................#
#§§§§.##4.....###.......###
#§§§§...#...@..# ###.....#
#{§§§§....##....# #......#
#{4##§§##.####...## ##....##
#)....§###.#.###...#
#.....##
o..#....##.........##
##>....# ...#
..#..<.....#######.....# ..
#...........)...##.....##
....#.........#.....#####
... #...............#


You could see a rust devil (summoned), a kobold demonologist, a chaos spawn
(summoned), a centaur, a shadow imp (summoned) and an ufetubus (summoned).

Vanquished Creatures
  A necrophage (D:4)
  An ogre (D:5)
  2 jellies
  A bullfrog skeleton (D:4)
  A hound (D:4)
  An orc priest (D:5)
  A centaur skeleton (D:5)
  An iguana (D:5)
  2 orc wizards (D:4)
  3 gnolls (D:3)
  4 adders
  A white imp (D:5)
  A worm (D:3)
  3 dart slugs (D:2)
  12 orcs
  6 endoplasms
  7 goblins
  8 hobgoblins
  2 jackals (D:2)
  12 kobolds
  4 quokkas
  6 ball pythons
  6 bats
  2 frilled lizards
  An orc zombie (D:5)
  6 rats
95 creatures vanquished.

Vanquished Creatures (others)
  308 foxfires
308 creatures vanquished.

Grand Total: 403 creatures vanquished

Notes
Turn   | Place    | Note
-------+----------+-------------------------------------------
     0 | D:1      | funkygono the Gargoyle Fire Elementalist began the quest
                  | for the Orb.
     0 | D:1      | Reached XP level 1. HP: 10/10 MP: 3/3
   304 | D:1      | Reached XP level 2. HP: 15/15 MP: 1/5
   307 | D:1      | Learned a level 2 spell: Scorch
  1020 | D:2      | Reached XP level 3. HP: 19/19 MP: 3/6
  1024 | D:2      | Learned a level 3 spell: Conjure Flame
  1651 | D:2      | Reached XP level 4. HP: 20/24 MP: 5/7
  1661 | D:2      | Reached skill level 4 in Fire Magic
  1676 | D:2      | HP: 1/24 [frozen (4)]
  2330 | D:2      | Found Ikoa's Distillery.
  2335 | D:2      | Bought a potion of heal wounds for 50 gold pieces
  2549 | D:3      | Reached XP level 5. HP: 10/28 MP: 1/9
  3417 | D:3      | Found a faded altar of an unknown god.
  3417 | D:3      | Noticed a neqoxec
  3455 | D:3      | Learned a level 4 spell: Flame Wave
  3981 | D:4      | Noticed a necrophage
  4016 | D:4      | Reached XP level 6. HP: 19/32 MP: 0/11
  4034 | D:4      | Killed a necrophage
  4035 | D:4      | Reached skill level 1 in Maces & Flails
  4580 | D:4      | Identified the +6 flail of the Eggplant {speed, rPois
                  | Dex+4}
  4748 | D:5      | Entered Level 5 of the Dungeon
  4748 | D:5      | Noticed an orc warrior
  4918 | D:5      | Noticed a yak
  4918 | D:5      | Noticed a yak
  4918 | D:5      | Noticed a yak
  4918 | D:5      | Noticed a yak
  4918 | D:5      | Noticed a yak
  4920 | D:5      | Noticed a kobold demonologist
  4937 | D:4      | Reached skill level 5 in Fire Magic
  4937 | D:4      | Reached XP level 7. HP: 36/37 MP: 7/13
  5309 | D:5      | Noticed Sigmund
  5314 | D:5      | Noticed a hellwing
  5318 | D:5      | Noticed a rust devil
  5319 | D:5      | Noticed a chaos spawn
  5327 | D:5      | Shot with an arrow by a centaur

Illustrated notes

Levels and vault maps discovered:
D:1:      tarquinn_simple_flora_water_f, layout_basic
D:2:      layout_loops_ring, serial_shops, shop, minmay_pentomino_z4
D:3:      layout_loops_cross, dreamdust_ecumenical_altar_sealed_demon,
          kennysheep_generic_room_10
D:4:      layout_loops_corners
D:5:      layout_cave_pools, worldfamousw_hep_ancestral_shrine,
          minmay_temple_entry_fiery, nicolae_ossuary_entry_giza,
          hangedman_feature_mirror, uniq_sigmund

Skill      XL: |  1  2  3  4  5  6 |
---------------+-------------------+-----
Dodging        | 2 |  2.3
Fire Magic     | 4 5 |  5.5
Conjurations   | 2 3 |  3.6
Spellcasting   | 3 4 |  4.3
Maces & Flails | 1 |  1.2
Fighting       | |  0.5
Armour         | |  0.2
Stealth        | |  2.1

Action                   |  1- 3 |  4- 6 |  7- 9 || total
-------------------------+-------+-------+-------++-------
Melee: Club              |     3 |       |       ||     3
       Whip              |     4 |    46 |       ||    50
       Flail             |       |     1 |       ||     1
 Cast: Foxfire           |    60 |    87 |    32 ||   179
       Scorch            |     3 |     8 |       ||    11
  Use: Scroll            |       |    13 |     1 ||    14
Armor: Robe              |    19 |    21 |       ||    40
       Leather armour    |       |    17 |    13 ||    30
Dodge: Dodged            |    25 |    50 |    12 ||    87

Table legend: (Time is in decaauts)
 A = Elapsed time spent in this place.
 B = Non-inter-level travel time spent in this place.
 C = Inter-level travel time spent in this place.
 D = Time resting spent in this place.
 E = Time spent auto-exploring this place.
 F = Levels seen in this place.
 G = Mean time per level.
                   A        B        C        D        E       F      G
               +--------+--------+--------+--------+--------+-----+--------+
         Total |   5331 |   5243 |     88 |    756 |   3575 |   5 | 1066.2 |
       Dungeon |   5331 |   5243 |     88 |    756 |   3575 |   5 | 1066.2 |
               +--------+--------+--------+--------+--------+-----+--------+

Top non-repeatable levels by time:
     D:4: 1529 daAuts
     D:2: 1393 daAuts
     D:1: 1070 daAuts
     D:3: 1014 daAuts
     D:5: 323 daAuts
